 Dungeon Crawl Stone Soup version 0.29.1-1-gd02db6906a (webtiles) character file.

Game seed: 10218042164069405157

94 Icepheonix32 the Insei (level 4, 0/32 HPs)
             Began as a Merfolk Transmuter on Oct 5, 2022.
             Slain by an orc
             ... wielding a +0 dagger
              (3 damage)
             ... on level 3 of the Dungeon.
             The game lasted 00:03:52 (2093 turns).

Icepheonix32 the Insei (Merfolk Transmuter)         Turns: 2093, Time: 00:03:53

Health: 0/32       AC:  2    Str: 10    XL:     4   Next: 63%
Magic:  2/7        EV: 20    Int: 14    God:
Gold:   103        SH:  0    Dex: 19    Spells: 1/7 levels left

rFire   . . .      SeeInvis .     - Unarmed
rCold   . . .      Faith    .   (shield currently unavailable)
rNeg    . . .      Spirit   .   (body armour currently unavailable)
rPois   x          Reflect  .   (helmet currently unavailable)
rElec   .          Harm     .   (cloak currently unavailable)
rCorr   .          Rampage  .   (gloves currently unavailable)
Will    .....                   (boots currently unavailable)
Stlth   ++........              (no amulet)
HPRegen 0.10/turn               (no ring)
MPRegen 0.10/turn               (no ring)

@: spider-form (expiring), wereblooded, hasted, very quick
A: venomous fangs, tiny, (nimble swimmer 2), (mertail)
a: End Transformation


You were on level 3 of the Dungeon.
You were a venomous arachnid creature.
You visited 1 branch of the dungeon, and saw 3 of its levels.

You collected 103 gold pieces.

Inventory:

Missiles
 f - a throwing net
Armour
 a - a +0 robe (melded)
Scrolls
 c - a scroll of teleportation
 d - 2 scrolls of enchant weapon
 e - a scroll of vulnerability {unknown}
 h - 4 scrolls of identify {unknown}
Potions
 b - a potion of lignification


   Skills:
 + Level 1.5 Fighting
 + Level 3.0 Dodging
 + Level 0.3 Stealth
 + Level 4.4 Unarmed Combat
 + Level 2.4 Spellcasting
 * Level 3.8 Transmutations
 * Level 0.8 Poison Magic


You had one spell level left.
You knew the following spells:

 Your Spells              Type           Power      Damage    Failure   Level
a - Beastly Appendage     Tmut           24%        N/A       14%         1
b - Wereblood             Tmut           12%        N/A       19%         2
c - Spider Form           Tmut/Pois      8%         N/A       47%         3

Your spell library contained the following spells:

 Spells                   Type           Power      Damage    Failure   Level
 Ice Form                 Ice/Tmut       7%         N/A       87%         4


Dungeon Overview and Level Annotations

Branches:
Dungeon (3/15)

Altars:

Shops:
D:2 ((

Annotations:
D:2 Robin, Sigmund


Innate Abilities, Weirdness & Mutations

You are a venomous arachnid creature.
You have poisonous fangs.
You are tiny and dextrous.
Your spellcasting is less reliable in this form.
Your armour is entirely melded.
You are incapable of wielding weapons or throwing items.
((You are very nimble when in or above water. (Stealth+, EV+, Speed+++)))
((Your lower body shifts to a powerful aquatic tail in water.))


Message History

You hit the orc.
The orc is heavily wounded.
The orc misses you. The orc hits you with a +0 club. The orc misses you.
You hit the orc but do no damage.
The orc is heavily wounded.
The orc barely misses you. The orc closely misses you.
It was a potion of haste.
You feel yourself speed up. The orc closely misses you.
The orc barely misses you. x2
Unknown command.
You hit the orc priest.
The orc priest is lightly wounded.
Your transformation is almost over.
You hit the orc priest.
The orc priest is poisoned.
The orc priest is moderately wounded.
The orc priest hits you with a +0 flail.
* * * LOW HITPOINT WARNING * * *
The orc closely misses you. The orc misses you.
The orc hits you with a +0 dagger.
* * * LOW HITPOINT WARNING * * *
You barely miss the orc priest.
The orc priest is moderately wounded.
The orc completely misses you. The orc priest misses you.
The orc hits you with a +0 club.
* * * LOW HITPOINT WARNING * * *
The orc barely misses you.
Unknown command.
You hit the orc priest but do no damage.
The orc priest is moderately wounded.
Unknown command.
You bite the orc priest!
The orc priest looks as sick as possible!
The orc priest is almost dead.
You feel a bit better.
You kill the orc priest!
The orc hits you with a +0 club.
* * * LOW HITPOINT WARNING * * *
The orc closely misses you. x2
Your Dodging skill increases to level 3!
The orc hits you with a +0 dagger.
You die...

#.# #.########. #.#
#.# #...... #.# #.#
#.####. #.###### #.#
#.# #. #......# #.#
#.# #(
#..###.##############
##
#...#...'..#..#..#(.#
#####...##.##.##...##
##.s.#..#..#..##
#.oo##)##...##
##.o.#..#..##
#...##...##
##...#..## #...####
##... ...# #...


You could see 3 orcs.

Vanquished Creatures
  An orc priest (D:3)
  A gnoll (D:3)
  An adder (D:2)
  A worm (D:2)
  5 endoplasms
  2 giant cockroaches (D:2)
  7 goblins
  4 hobgoblins
  5 jackals
  A kobold (D:2)
  A quokka (D:2)
  2 ball pythons
  5 bats
  4 frilled lizards (D:1)
  2 rats (D:2)
42 creatures vanquished.

Notes
Turn   | Place    | Note
-------+----------+-------------------------------------------
     0 | D:1      | Icepheonix32 the Merfolk Transmuter began the quest for the
                  | Orb.
     0 | D:1      | Reached XP level 1. HP: 15/15 MP: 3/3
   395 | D:1      | Reached XP level 2. HP: 21/21 MP: 3/5
   429 | D:1      | Found a faded altar of an unknown god.
  1108 | D:2      | Found Ifyishab's Weapon Emporium.
  1131 | D:2      | Reached XP level 3. HP: 14/26 MP: 4/6
  1133 | D:2      | Reached skill level 4 in Unarmed Combat
  1381 | D:2      | Noticed Robin
  1382 | D:2      | Noticed Sigmund
  1383 | D:2      | Found Yrecalow's Weapon Boutique.
  1841 | D:3      | Learned a level 2 spell: Wereblood
  1845 | D:3      | Learned a level 3 spell: Spider Form
  2009 | D:3      | Reached XP level 4. HP: 32/32 MP: 4/7
  2093 | D:3      | Slain by an orc

Illustrated notes

Levels and vault maps discovered:
D:1:      minmay_arrival_shoal_huts, layout_loops_ring,
          shapermc_ecumenical_altar_mp_ritualfount
D:2:      layout_basic, serial_shops, shop, shop,
          nicolae_shop_bloodbath_and_beyond, shop, shop, uniq_sigmund,
          uniq_robin
D:3:      minmay_razor_zed, layout_loops_ring, gup_sewer_entry_bowl,
          kennysheep_big_empty_room, uniq_jessica

Skill      XL: |  1  2  3  4 |
---------------+-------------+-----
Transmutations | 3 |  3.8
Unarmed Combat | 4 |  4.4
Dodging        | 3 |  3.0
Fighting       | |  1.5
Stealth        | |  0.3
Spellcasting   | |  2.4
Poison Magic   | |  0.8

Action                   |  1- 3 |  4- 6 || total
-------------------------+-------+-------++-------
Melee: Unarmed           |   101 |    24 ||   125
       Headbutt          |    10 |       ||    10
       Tailslap          |     1 |       ||     1
       Punch             |     2 |       ||     2
 Cast: Beastly Appendage |    22 |     3 ||    25
       Wereblood         |     1 |     1 ||     2
       Spider Form       |       |     1 ||     1
  Use: Scroll            |     3 |       ||     3
       Potion            |     3 |     1 ||     4
Armor: Robe              |    22 |     3 ||    25
       Skin              |       |     1 ||     1
Dodge: Dodged            |    63 |    20 ||    83
